 Dungeon Crawl Stone Soup version 0.28.0 (webtiles) character file.

Game seed: 14988935893085863725

21 Armakuni the Sneak (level 3, -1/27 HPs)
             Began as a Human Wanderer on Feb 18, 2022.
             Succumbed to a kobold's poison
             ... on level 1 of the Dungeon.
             The game lasted 00:01:48 (1011 turns).

Armakuni the Sneak (Human Wanderer)                 Turns: 1011, Time: 00:01:49

Health: -1/27      AC:  5    Str: 15    XL:     3   Next: 5%
Magic:  3/3        EV: 10    Int:  8    God:
Gold:   41         SH:  7    Dex: 15    Spells: 2/2 levels left

rFire   . . .      SeeInvis .   a - +0 falchion (vorpal)
rCold   . . .      Faith    .   b - +2 buckler
rNeg    . . .      Spirit   .   d - +0 leather armour
rPois   .          Reflect  .   c - +0 helmet
rElec   .          Harm     .   (no cloak)
rCorr   .          Rampage  .   (no gloves)
Will    .....                   i - +0 pair of boots
Stlth   ++........              (no amulet)
HPRegen 0.09/turn               (no ring)
MPRegen 0.08/turn               (no ring)

@: lethally poisoned (-1 -> -17), flying, invisible
A: no striking features
a: no special abilities


You were on level 1 of the Dungeon.
You visited 1 branch of the dungeon, and saw 2 of its levels.

You collected 41 gold pieces.

Inventory:

Hand Weapons
 a - a +0 vorpal falchion (weapon)
Armour
 b - a +2 buckler (worn)
 c - a +0 helmet (worn)
 d - a +0 leather armour (worn)
 i - a +0 pair of boots (worn)
 j - a +0 ring mail
Potions
 e - a potion of invisibility
 f - a potion of magic
 h - a potion of lignification {unknown}


   Skills:
 + Level 1.9 Fighting
 + Level 2.5 Long Blades
 - Level 4.0 Stealth
 + Level 3.1 Shields


You had 2 spell levels left.
You didn't know any spells.
Your spell library contained the following spells:

 Spells                   Type           Power      Damage    Failure   Level
 Blink                    Tloc           0%         N/A       73%         2
 Ensorcelled Hibernation  Hex/Ice        0%         N/A       73%         2
 Lesser Beckoning         Tloc           0%         N/A       91%         3
 Spider Form              Tmut/Pois      0%         N/A       91%         3
 Anguish                  Hex/Necr       0%         N/A       100%        4
 Manifold Assault         Tloc           0%         N/A       100%        5


Dungeon Overview and Level Annotations

Branches:
Dungeon (2/15)

Altars:
Kikubaaqudgha


Message History

The kobold hits you but does no damage.
You are poisoned.
You escape the ball python's grasp.
You feel very sick. The ball python bites you. The ball python grabs you.
You stop ascending the stairs.
The ball python constricts you.
The kobold hits you with a +0 short sword of venom.
You barely miss the ball python.
You feel very sick.
The ball python bites you but does no damage.
The ball python constricts you. The kobold hits you but does no damage.
You are more poisoned.
You escape the ball python's grasp.
You feel very sick. The ball python bites you.
You block the ball python's attack. The kobold misses you.
You climb upwards.
You feel very sick.
There is a stone staircase leading down here.
You closely miss the kobold.
* * * LOW HITPOINT WARNING * * *
You feel very sick.
The ball python bites you but does no damage.
You block the ball python's attack. The kobold closely misses you.
You fade into invisibility!
* * * LOW HITPOINT WARNING * * *
You feel sick. You block the ball python's attack.
The kobold hits you with a +0 short sword of venom.
* * * LOW HITPOINT WARNING * * *
You are more poisoned.
It was a potion of magic.
Magic courses through your body.
* * * LOW HITPOINT WARNING * * *
You feel very sick. You block the ball python's attack.
The kobold hits you but does no damage.
You are more poisoned.
You block the ball python's attack.
It was a potion of flight.
You feel very buoyant.
You fly up into the air.
You die...

#.#..#.#.#.#.####.##
#.##.#..#..#.# #.##
#.##.##...##.# #.##
#.##..##+##..# #.##
#.###........####.##
#.####.#.##.....#.##
#...##...######.#.#
###S####.# #.#.# #@#
#.# #.#.# #K# #.#
##.#.# #.#
#.#####....## #.#
#..........). #.#
#####.##...### #.#
#.........## #
##.###.###.########
##...##.# #.# #.....
##.....#.# #.#
#.####


You could see a ball python and a kobold.

Vanquished Creatures
  3 ball pythons (D:1)
  2 bats (D:1)
  3 endoplasms (D:1)
  A giant cockroach (D:1)
  2 goblins (D:1)
  2 hobgoblins (D:1)
  3 frilled lizards
  A kobold (D:1)
  2 rats (D:1)
19 creatures vanquished.

Notes
Turn   | Place    | Note
-------+----------+-------------------------------------------
     0 | D:1      | Armakuni the Human Wanderer began the quest for the Orb.
     0 | D:1      | Armakuni set off with the following items: a +0 falchion, a
                  | +2 buckler, a +0 helmet, a +0 leather armour
     0 | D:1      | Reached XP level 1. HP: 15/15 MP: 1/1
   345 | D:1      | Reached XP level 2. HP: 21/21 MP: 2/2
   595 | D:1      | Reached XP level 3. HP: 22/27 MP: 3/3
  1000 | D:2      | Found an ancient bone altar of Kikubaaqudgha.
  1011 | D:1      | Succumbed to a kobold's poison

Illustrated notes

Levels and vault maps discovered:
D:1:      enne_arrival_octagon_isle, layout_loops_ring, minmay_box_of_dots
D:2:      layout_basic, basic_altar, st_stairs_11, nrook_loot_triangle

Action                   || total
-------------------------++-------
Melee: Falchion          ||    48
  Use: Scroll            ||     3
       Potion            ||     3
 Stab: Sleeping          ||     6
Armor: Leather armour    ||    26
Dodge: Dodged            ||    18
Block: Buckler           ||    19
